 Dungeon Crawl Stone Soup version 0.21.1-1-g345015f (webtiles) character file.

112 poirepourri the Chopper (level 4, 0/39 HPs)
             Began as a Minotaur Berserker on July 22, 2018.
             Was a Believer of Trog.
             Shot with an arrow by a centaur (2 damage)
             ... on level 3 of the Dungeon.
             The game lasted 00:01:50 (2061 turns).

poirepourri the Chopper (Minotaur Berserker)        Turns: 2061, Time: 00:01:51

Health: 0/39       AC:  3    Str: 21    XL:     4   Next: 63%
Magic:  3/3        EV: 12    Int:  4    God:    Trog [**....]
Gold:   162        SH:  0    Dex: 13    Spells: 3/3 levels left

rFire    . . .     SeeInvis .   g - +2 hand axe (chop)
rCold    . . .     Gourm    .   (no shield)
rNeg     . . .     Faith    .   b - +1 animal skin
rPois    .         Spirit   .   (helmet restricted)
rElec    .         Reflect  .   (no cloak)
rCorr    .         Harm     .   (no gloves)
MR       .....                  (no boots)
Stlth    +.........             (no amulet)
HPRegen  0.13/turn              e - +2 ring of dexterity
MPRegen  0.08/turn              (no ring)

@: very slightly contaminated, invisible
A: retaliatory headbutt, horns 2
a: Berserk, Trog's Hand, Burn Spellbooks, Renounce Religion


You were on level 3 of the Dungeon.
You worshipped Trog.
Trog was pleased with you.
You were not hungry.

You visited 1 branch of the dungeon, and saw 3 of its levels.

You collected 162 gold pieces.

Inventory:

Hand Weapons
 a - a +0 hand axe
 g - a +2 hand axe of chopping (weapon)
Missiles
 f - 82 bolts
Armour
 b - a +1 animal skin (worn)
Jewellery
 e - a +2 ring of dexterity (left hand)
Scrolls
 m - 3 scrolls of remove curse
 o - a scroll of enchant armour
 p - a scroll of magic mapping
Potions
 d - a potion of lignification
 i - a potion of heal wounds {unknown}
 j - a potion of haste {unknown}
 k - a potion of flight {unknown}
 l - a potion of invisibility
 n - a potion of brilliance {unknown}
Comestibles
 c - a ration


   Skills:
 - Level 3.6 Fighting
 + Level 6.6 Axes
 - Level 2.4 Armour
 - Level 2.1 Dodging


You had 3 spell levels left.
You didn't know any spells.

Dungeon Overview and Level Annotations

Branches:
Dungeon (3/15)

Altars:


Innate Abilities, Weirdness & Mutations

You reflexively headbutt those who attack you in melee.
You have a pair of horns on your head.


Message History

The kobold throws a stone.
The stone hits you but does no damage.
Things that are here:
a stone; a flail; a tomahawk Unknown command.
You fade into invisibility!
You are very lightly contaminated with residual magic.
Unknown command.
An orc comes into view. It is wielding a flail.
Found 2 tomahawks.
The kobold barely misses you. You furiously retaliate!
You headbutt the kobold!
You kill the kobold!
Trog accepts your kill.
The centaur shoots an arrow.
The arrow hits you! The arrow freezes you.
* * * LOW HITPOINT WARNING * * *
You see here an arrow.
The centaur shoots an arrow.
The arrow barely misses you.
You feel better.
The centaur shoots an arrow.
The arrow hits you!
* * * LOW HITPOINT WARNING * * *
The arrow freezes you.
You die...

##
##############....
#.(....().([....(#
#.####.#(#(#####.#
#.# #.#.#@# #.#
#.#.#c#
#######.####.#.#o#
...............#.#
.#.#########.###.#
.#.# #.# #.# .#.#
#.# .#.# #.#
.#.####


You could see a centaur and an orc.

Vanquished Creatures
  An orc wizard (D:3)
  3 adders
  An ooze (D:2)
  3 worms
  A dart slug (D:1)
  3 orcs (D:3)
  A giant cockroach (D:1)
  2 goblins
  5 hobgoblins
  2 jackals (D:1)
  A quokka (D:2)
  6 bats
  3 frilled lizards
  9 kobolds
  5 rats
46 creatures vanquished.

Notes
Turn   | Place    | Note
-------+----------+-------------------------------------------
     0 | D:1      | poirepourri the Minotaur Berserker began the quest for the Orb.
     0 | D:1      | Reached XP level 1. HP: 19/19 MP: 0/0
   231 | D:1      | Reached skill level 4 in Axes
   317 | D:1      | Reached XP level 2. HP: 24/26 MP: 1/1
  1188 | D:2      | Reached skill level 5 in Axes
  1248 | D:2      | Reached XP level 3. HP: 21/31 MP: 2/2
  1437 | D:2      | Reached ** piety under Trog
  1824 | D:3      | Reached skill level 6 in Axes
  1824 | D:3      | Reached XP level 4. HP: 24/39 MP: 3/3
  2054 | D:3      | Noticed a centaur
  2061 | D:3      | Shot with an arrow by a centaur

Skill      XL: |  1  2  3 |
---------------+----------+-----
Axes           | 4 5 6 |  6.6
Fighting       | |  3.6
Armour         | |  2.4
Dodging        | |  2.1

Action                   |  1- 3 |  4- 6 || total
-------------------------+-------+-------++-------
Melee: Hand axe          |    55 |    17 ||    72
       Headbutt          |     9 |     2 ||    11
  Use: Scroll            |    11 |     1 ||    12
       Potion            |       |     2 ||     2
  Eat: Chunk             |     2 |       ||     2
       Ration            |     1 |       ||     1
Armor: Animal skin       |     8 |     5 ||    13
Dodge: Dodged            |    37 |    15 ||    52
